 Dungeon Crawl Stone Soup version 0.17.0-28-g6e173f8 (webtiles) character file.

102 Saitama the Twirler (level 4, 0/33 HPs)
             Began as a Mummy Gladiator on Nov 30, 2015.
             Slain by a white imp (1 damage)
             ... summoned by Natasha
             ... on level 2 of the Dungeon.
             The game lasted 00:04:46 (2446 turns).

Saitama the Twirler (Mummy Gladiator)               Turns: 2446, Time: 00:04:46

Health: 0/33       AC:  5    Str: 18    XL:     4   Next: 50%
Magic:  4/4        EV: 12    Int:  7    God:
Gold:   69         SH:  0    Dex: 13    Spells: 0 memorised, 3 levels left

rFire  x . .     SeeInvis .     a - +0 quarterstaff
rCold  + . .     Clarity  +     k - +2 robe {rN+}
rNeg   + + +     SustAt   .     (shield currently unavailable)
rPois  ∞         Gourm    .     c - +0 helmet
rElec  .         Spirit   .     (no cloak)
rCorr  .         Warding  .     (no gloves)
rMut   .         Stasis   .     (no boots)
MR     .....                    h - amulet of clarity
Stlth  +.........               (no ring)
                                (no ring)

@: not resistant to hostile enchantments, very unstealthy
A: no food or potions, fire vulnerability, cold resistance 1, negative energy
resistance 3, torment resistance, unbreathing
a: no special abilities


You were on level 2 of the Dungeon.
You were not hungry.

You visited 1 branch of the dungeon, and saw 2 of its levels.

You collected 69 gold pieces.

Inventory:

Hand Weapons
 a - a +0 quarterstaff (weapon)
Missiles
 d - 3 throwing nets (quivered)
Armour
 c - a +0 helmet (worn)
 k - a +2 robe of positive energy (worn)
Jewellery
 h - an amulet of clarity (around neck)
Wands
 j - a wand of frost (19)
Scrolls
 e - a scroll of enchant armour {unknown}
 f - 2 scrolls of identify {unknown}
 g - a scroll of teleportation {unknown}
 i - a scroll of enchant weapon {unknown}


   Skills:
 - Level 2.0 Fighting
 + Level 4.4 Staves
 - Level 1.5 Throwing
 - Level 2.4 Dodging


You had 3 spell levels left.
You didn't know any spells.

Dungeon Overview and Level Annotations

Branches:
Dungeon (2/15)

Altars:

Annotations:
D:1 exclusion: downstairs
D:2 Natasha, Sigmund


Innate Abilities, Weirdness & Mutations

You do not eat or drink.
Your flesh is vulnerable to fire.
You are immune to poison.
Your flesh is cold resistant.
You are immune to negative energy.
You are immune to unholy pain and torment.
You can survive without breathing.


Message History

Natasha misses you. The white imp gestures at you. The puff of frost hits you!
You resist.
You barely miss Natasha. Natasha closely misses you.
The white imp barely misses you. Natasha barely misses you.
The white imp gestures at you. The puff of frost hits you! You resist.
You barely miss Natasha. Natasha barely misses you. The white imp misses you.
You barely miss Natasha. Natasha claws you. The white imp gestures at you.
The puff of frost hits you! You resist. Natasha claws you!
* * * LOW HITPOINT WARNING * * *
The white imp gestures at you. The puff of frost hits you! You resist.
* * * LOW HITPOINT WARNING * * *
You feel yourself speed up. The adder barely misses you. Natasha claws you.
* * * LOW HITPOINT WARNING * * *
The white imp hits you.
You die...

####.#############......###.##.#
#...............)........##.#
################.......#####.#
#......#...............# #.#
#<####.#.#######.......# #.#
########.#.##............### #.#
.@.......#.##.#########....###.#
..................>............#
##########..#.##@#.###..#..#####
###...........(hS5......#.##
......).......#.##...#.##.#
#..........#..#.(.......#.#
#...........).####.###..#.#
###.....S.....#......#..#.#
########.#....#.##.#.#..#.#
.....# #5#.#.##.#....#..#!#
.5...# #.#...........#..#.##


You could see Natasha, an adder and a white imp.

Vanquished Creatures
  Jessica (D:2)
  Natasha (D:2)
  An adder (D:2)
  An orc (D:2)
  8 bats
  3 giant cockroaches
  5 hobgoblins (D:1)
  3 jackals (D:1)
  10 kobolds
  2 giant geckos
  A giant newt (D:1)
  5 goblins
  2 rats (D:1)
43 creatures vanquished.

Notes
Turn   | Place    | Note
--------------------------------------------------------------
     0 | D:1      | Saitama the Mummy Gladiator began the quest for the Orb.
     0 | D:1      | Reached XP level 1. HP: 16/16 MP: 1/1
   177 | D:1      | Reached XP level 2. HP: 17/22 MP: 2/2
   183 | D:1      | Reached skill level 3 in Staves
   773 | D:1      | Reached XP level 3. HP: 17/27 MP: 3/3
  1389 | D:2      | Noticed Jessica
  1403 | D:2      | Killed Jessica
  1403 | D:2      | Reached skill level 4 in Staves
  1403 | D:2      | Reached XP level 4. HP: 29/33 MP: 4/4
  1491 | D:2      | Noticed Natasha
  1500 | D:2      | Killed Natasha
  2106 | D:2      | Noticed Sigmund
  2418 | D:2      | Noticed Natasha
  2445 | D:2      | HP: 1/33 [white imp/puff of frost[Natasha] (3)]
  2446 | D:2      | Slain by a white imp

Action                   |  1- 3 |  4- 6 || total
-------------------------+-------+-------++-------
Melee: Quarterstaff      |   115 |    23 ||   138
 Stab: Sleeping          |       |     1 ||     1
